 Dungeon Crawl Stone Soup version 0.28-a0-1568-g77cbbf62ba (webtiles) character file.

Game seed: 4690129332272614563

36 goldor05 the Grave Robber (level 3, -9/24 HPs)
             Began as a Vampire Necromancer on Jan 20, 2022.
             Mangled by an ogre (15 damage)
             ... on level 2 of the Dungeon.
             The game lasted 00:04:03 (1137 turns).

goldor05 the Grave Robber (Vampire Necromancer)     Turns: 1137, Time: 00:04:03

Health: -9/24      AC:  3    Str:  7    XL:     3   Next: 19%
Magic:  1/6        EV: 12    Int: 19    God:
Gold:   49         SH:  0    Dex: 14    Spells: 5/6 levels left

rFire   . . .      SeeInvis +   i - +0 dagger
rCold   . . .      Faith    .   (no shield)
rNeg    . . .      Spirit   .   a - +0 robe
rPois   .          Reflect  .   (no helmet)
rElec   .          Harm     .   f - +0 cloak
rCorr   .          Rampage  .   (no gloves)
Will    .....                   (no boots)
Stlth   ++........              (no amulet)
HPRegen 0.28/turn               (no ring)
MPRegen 0.10/turn               (no ring)

@: healing quickly
A: alive, fangs 3, see invisible, vampiric 2
a: Exsanguinate


You were on level 2 of the Dungeon.
You visited 1 branch of the dungeon, and saw 2 of its levels.

You collected 49 gold pieces.

Inventory:

Hand Weapons
 i - a +0 dagger (weapon)
Missiles
 d - 3 poisoned darts
Armour
 a - a +0 robe (worn)
 f - a +0 cloak (worn)
Scrolls
 b - a scroll of vulnerability {unknown}
 c - a scroll of identify {unknown}
Potions
 e - a potion of lignification {unknown}
 g - a potion of curing {unknown}
 h - 2 potions of attraction {unknown}
 j - a potion of magic {unknown}


   Skills:
 + Level 2.3 Dodging
 - Level 3.3 Stealth
 - Level 2.0 Spellcasting
 + Level 5.4 Necromancy


You had 5 spell levels left.
You knew the following spells:

 Your Spells              Type           Power      Damage    Failure   Level
a - Pain                  Necr           88%        1d8       1%          1

Your spell library contained the following spells:

 Spells                   Type           Power      Damage    Failure   Level
 Animate Skeleton         Necr           44%        N/A       1%          1
 Vampiric Draining        Necr           22%        2d7       5%          3
 Animate Dead             Necr           11%        N/A       19%         4
 Agony                    Necr           22%        N/A       45%         5


Dungeon Overview and Level Annotations

Branches:
Dungeon (2/15)

Altars:

Shops:
D:2 [


Innate Abilities, Weirdness & Mutations

Your natural rate of healing is accelerated.
You have razor-sharp teeth.
You have supernaturally acute eyesight. (SInv)
You are afflicted with vampirism and can become a bat while bloodless.


Message History

You puncture the kobold!
You kill the kobold!
There is an entrance to Qegaudgh's Antique Armour Shoppe here.
You see here a +0 dagger.
You now have 49 gold pieces (gained 10).
A dart slug comes into view.
Okay, then.
The dart slug writhes in agony.
The dart slug writhes in agony.
You kill the dart slug!
You can't see any susceptible monsters within range! (Use Z to cast anyway.)
You can't see any susceptible monsters within range! (Use Z to cast anyway.)
You can't see any susceptible monsters within range! (Use Z to cast anyway.)
A hobgoblin comes into view.
The hobgoblin shouts!
You see here a dart slug corpse.
A hobgoblin is nearby!
The hobgoblin writhes in agony.
A rat comes into view.
An ogre comes into view. It is wielding a +0 giant club.
The hobgoblin writhes in agony.
You kill the hobgoblin!
A quokka comes into view.
The ogre writhes in agony!
The rat writhes in agony!
You kill the rat!
The ogre barely resists.
The ogre writhes in agony!
Okay, then.
The quokka twitches its whiskers.
There are monsters nearby!
The ogre writhes in agony.
The ogre hits you with a +0 giant club!
Ouch! That really hurt!
* * * LOW HITPOINT WARNING * * *
This spell is quite dangerous to cast!
Memorise Vampiric Draining, consuming 3 spell levels and leaving 2?
You start memorising the spell.
You continue memorising.
The ogre hits you with a +0 giant club!
Your memorisation is interrupted.
Ouch! That really hurt!
You die...

#....# .....
#....#########......
#......r....†.......
#....##############.
#....# ##..## ##r##
#)O# ##@# #.# ## #.#
#.##.#### #.......#
##..∩##.....
#.#.#####..
#..........
##...........


You could see an ogre and a quokka.

Vanquished Creatures
  A gnoll (D:1)
  2 dart slugs
  3 bats (D:1)
  2 giant cockroaches (D:1)
  4 hobgoblins
  2 kobolds (D:2)
  A quokka (D:1)
  2 ball pythons
  2 frilled lizards (D:1)
  2 rats
21 creatures vanquished.

Notes
Turn   | Place    | Note
-------+----------+-------------------------------------------
     0 | D:1      | goldor05 the Vampire Necromancer began the quest for the
                  | Orb.
     0 | D:1      | Reached XP level 1. HP: 13/13 MP: 3/3
    39 | D:1      | Reached XP level 2. HP: 12/19 MP: 0/5
   465 | D:1      | Reached skill level 5 in Necromancy
   626 | D:1      | Found a faded altar of an unknown god.
   985 | D:2      | Gained mutation: You are afflicted with vampirism and can
                  | become a bat while bloodless. [Vampire growth]
   985 | D:2      | Reached XP level 3. HP: 22/24 MP: 2/6
  1055 | D:2      | Found Qegaudgh's Antique Armour Shoppe.
  1116 | D:2      | Noticed an ogre
  1137 | D:2      | Mangled by an ogre

Illustrated notes

Levels and vault maps discovered:
D:1:      minmay_arrival_wavy_path, layout_basic,
          shapermc_ecumenical_altar_pompeii, minmay_liquid_box
D:2:      layout_rooms, serial_shops, shop

Skill      XL: |  1  2 |
---------------+-------+-----
Necromancy     | 5 |  5.4
Dodging        | |  2.3
Stealth        | |  3.3
Spellcasting   | |  2.0

Action                   || total
-------------------------++-------
Melee: Unarmed           ||    10
       Bite              ||     1
       Dagger            ||     1
 Cast: Pain              ||    42
 Stab: Sleeping          ||     1
Armor: Robe              ||     2
Dodge: Dodged            ||     5

Table legend: (Time is in decaauts)
 A = Elapsed time spent in this place.
 B = Non-inter-level travel time spent in this place.
 C = Inter-level travel time spent in this place.
 D = Time resting spent in this place.
 E = Time spent auto-exploring this place.
 F = Levels seen in this place.
 G = Mean time per level.
                   A        B        C        D        E       F      G
               +--------+--------+--------+--------+--------+-----+--------+
         Total |   1136 |   1043 |     93 |      0 |    899 |   2 |  568.0 |
       Dungeon |   1136 |   1043 |     93 |      0 |    899 |   2 |  568.0 |
               +--------+--------+--------+--------+--------+-----+--------+

Top non-repeatable levels by time:
     D:1: 971 daAuts
     D:2: 165 daAuts
